 Dungeon Crawl Stone Soup version 0.27-a0-394-g49c82dfaf2 (webtiles) character file.

Game seed: 18413466229807359812

184 willcat the Sneak (level 5, -1/31 HPs)
             Began as an Octopode Hedge Wizard on Feb 20, 2021.
             Slain by a killer bee (9 damage)
             ... on level 3 of the Dungeon.
             The game lasted 00:02:55 (2289 turns).

willcat the Sneak (Octopode Hedge Wizard)           Turns: 2289, Time: 00:02:55

Health: -1/31      AC:  1    Str: 10    XL:     5   Next: 63%
Magic:  10/10      EV: 13    Int: 17    God:
Gold:   126        SH:  0    Dex: 11    Spells: 8/11 levels left

rFire    . . .     SeeInvis .   l - +1 dagger (venom)
rCold    . . .     Faith    .   (no shield)
rNeg     . . .     Spirit   .   b - +0 hat
rPois    .         Reflect  .   (no amulet)
rElec    .         Harm     .   (no ring)
rCorr    .         Rampage  .   (no ring)
Will     .....                  (no ring)
Stlth    +++.......             (no ring)
HPRegen  0.10/turn              (no ring)
MPRegen  0.12/turn              (no ring)
                                (no ring)
                                (no ring)

@: lethally poisoned (-1 -> -17), about to teleport
A: almost no armour, stealthy swim, amphibious, 8 rings, constrict 8, camouflage
1, gelatinous body 1
a: no special abilities


You were on level 3 of the Dungeon.
You visited 1 branch of the dungeon, and saw 3 of its levels.

You collected 126 gold pieces.

Inventory:

Hand Weapons
 l - a +1 dagger of venom (weapon)
Armour
 b - a +0 hat (worn)
Scrolls
 d - a scroll of noise {unknown}
 e - 2 scrolls of teleportation
 h - 2 scrolls of fear {unknown}
 m - a scroll of amnesia {unknown}
Potions
 a - 3 potions of curing {unknown}
 c - a potion of degeneration {unknown}
 f - a potion of haste {unknown}
 g - 2 potions of attraction {unknown}
 i - a potion of cancellation {unknown}
 j - a potion of brilliance {unknown}
 k - 2 potions of berserk rage {unknown}


   Skills:
 + Level 1.5 Short Blades
 + Level 2.7 Dodging
 + Level 3.8 Stealth
 + Level 3.5 Spellcasting
 + Level 2.2 Conjurations
 + Level 2.0 Summonings
 + Level 2.1 Translocations


You had 8 spell levels left.
You knew the following spells:

 Your Spells              Type           Power        Failure   Level
a - Magic Dart            Conj           40%          7%          1
b - Call Imp              Summ           10%          11%         2

Your spell library contained the following spells:

 Spells                   Type           Power        Failure   Level
 Blink                    Tloc           N/A          11%         2
 Slow                     Hex            3%           26%         2
 Conjure Flame            Conj/Fire      6%           30%         3
 Mephitic Cloud           Conj/Pois/Air  5%           36%         3


Dungeon Overview and Level Annotations

Branches:
Dungeon (3/15)

Altars:


Innate Abilities, Weirdness & Mutations

You cannot wear most types of armour.
You are very stealthy in the water. (Stealth+)
You are amphibious.
You can wear up to eight rings at the same time.
You can use your tentacles to constrict eight enemies at once.
Your skin changes colour to match your surroundings (Stealth+).
Your rubbery body absorbs attacks. (AC +1, EV +1)


Message History

You kill the giant cockroach!
No target in view!
No target in view!
A bat, a ball python and a killer bee come into view.
You barely miss the bat. Your grab misses the bat.
The ball python hisses angrily.
The bat hits you.
The killer bee buzzes angrily.
You hear an angry buzzing noise. x3
There are monsters nearby!
There are monsters nearby!
A killer bee comes into view.
You hear an angry buzzing noise.
The bat hits you but does no damage.
A killer bee comes into view.
The ball python closely misses you. The ball python grabs you.
The ball python constricts you.
Found 2 javelins.
You escape the ball python's grasp.
The bat hits you.
Okay, then.
The bat hits you.
A killer bee comes into view.
The killer bee stings you!
You hit the killer bee.
The killer bee is poisoned.
Your grab misses the killer bee.
The killer bee is lightly wounded.
The killer bee misses you. The bat barely misses you.
The killer bee stings you. The killer bee barely misses you.
The bat hits you but does no damage. The killer bee stings you.
You are poisoned.
The killer bee poisons you!
As you read the scroll labelled SADATUCZ IVEOR, it crumbles to dust.
You feel strangely unstable.
It was a scroll of teleportation.
You feel sick. The bat hits you but does no damage. The killer bee stings you!
* * * LOW HITPOINT WARNING * * *
You are lethally poisoned!
The killer bee poisons you!
A killer bee comes into view.
The killer bee barely misses you. The killer bee misses you.
The killer bee stings you!
You die...

##..#...# #.....###.'...
##.#.....###.......#.##8#
#.###..##.##.....#.#.####
##.##)##.#########...#>..
##.#.#.## ### ##......
##..(## ... # ####).#
###...###.# . #..#
#.......y.# .# #...
#......@#####y# ( ##.#
#.....b.yS#.y.#... ..#
###...##y.#.....# ###
#...##.yy...# #
######.###.(.... #####
#.. ##### #)... ### #....
#.... #<...


You could see 5 killer bees, a bat and a ball python.

Vanquished Creatures
  An ogre (D:3)
  Terence (D:2)
  3 adders
  3 worms
  2 dart slugs (D:2)
  An orc (D:2)
  8 bats
  2 giant cockroaches
  A goblin (D:3)
  4 hobgoblins
  7 kobolds
  A quokka (D:2)
  4 frilled lizards
  3 rats
41 creatures vanquished.

Vanquished Creatures (collateral kills)
  Jessica (D:2)
  2 adders (D:2)
  A quokka (D:2)
  A kobold (D:2)
5 creatures vanquished.

Grand Total: 46 creatures vanquished

Notes
Turn   | Place    | Note
-------+----------+-------------------------------------------
     0 | D:1      | willcat the Octopode Hedge Wizard began the quest for the
                  | Orb.
     0 | D:1      | Reached XP level 1. HP: 11/11 MP: 4/4
   446 | D:1      | Reached XP level 2. HP: 17/17 MP: 4/6
   524 | D:1      | Learned a level 2 spell: Call Imp
   964 | D:2      | Reached XP level 3. HP: 8/21 MP: 2/7
  1339 | D:2      | Noticed Jessica
  1360 | D:2      | Killed Jessica
  1361 | D:2      | Reached XP level 4. HP: 24/27 MP: 0/8
  1492 | D:2      | Reached skill level 1 in Short Blades
  1781 | D:2      | Noticed Terence
  1788 | D:2      | Killed Terence
  2048 | D:3      | Noticed an ogre
  2074 | D:3      | Killed an ogre
  2075 | D:3      | Reached XP level 5. HP: 31/31 MP: 0/10
  2289 | D:3      | Slain by a killer bee

Illustrated notes

Levels and vault maps discovered:
D:1:      evilmike_arrival_plus, layout_loops_ring
D:2:      layout_rooms, serial_glass, glass_columns_a, glass_columns_c,
          uniq_terence, uniq_jessica
D:3:      layout_loops_cross, dk_noncrumbling_2, nicolae_tso_swordbearing_angel

Skill      XL: |  1  2  3  4 |
---------------+-------------+-----
Stealth        | 3 |  3.8
Short Blades   | 1 |  1.5
Conjurations   | 2 |  2.2
Summonings     | 2 |  2.0
Translocations | 2 |  2.1
Dodging        | |  2.7
Spellcasting   | |  3.5

Action                   |  1- 3 |  4- 6 || total
-------------------------+-------+-------++-------
Melee: Dagger            |    35 |    63 ||    98
       Constrict         |     6 |    14 ||    20
       Tentacles         |     4 |    11 ||    15
 Cast: Magic Dart        |    15 |     1 ||    16
       Call Imp          |     6 |     7 ||    13
  Use: Scroll            |       |     1 ||     1
 Stab: Sleeping          |     4 |     6 ||    10
Armor: Skin              |     3 |    11 ||    14
Dodge: Dodged            |    29 |    50 ||    79

Table legend: (Time is in decaauts)
 A = Elapsed time spent in this place.
 B = Non-inter-level travel time spent in this place.
 C = Inter-level travel time spent in this place.
 D = Time resting spent in this place.
 E = Time spent auto-exploring this place.
 F = Levels seen in this place.
 G = Mean time per level.
                   A        B        C        D        E       F      G
               +--------+--------+--------+--------+--------+-----+--------+
         Total |   2294 |   2243 |     51 |    356 |   1499 |   3 |  764.7 |
       Dungeon |   2294 |   2243 |     51 |    356 |   1499 |   3 |  764.7 |
               +--------+--------+--------+--------+--------+-----+--------+

Top non-repeatable levels by time:
     D:1: 1085 daAuts
     D:2: 881 daAuts
     D:3: 327 daAuts
